 Dungeon Crawl Stone Soup version 0.31-a0-152-g6aa68a64a1 (webtiles) character file.

Game seed: 11041372501160580637

624 qw the Shooter (level 7, 0/67 HPs)
             Began as a Naga Hunter on June 10, 2023.
             Killed from afar by Ijyb (18 damage)
             ... with a bolt of acid
             ... on level 4 of the Dungeon.
             The game lasted 00:00:58 (2711 turns).

qw the Shooter (Naga Hunter)                        Turns: 2711, Time: 00:00:58

Health: 0/67       AC: -1    Str: 13    XL:     7   Next: 47%
Magic:  7/7        EV:  9    Int: 10    God:
Gold:   175        SH:  0    Dex: 16    Spells: 6/6 levels left

rFire   . . .        f - +1 shortbow (heavy)
rCold   . . .        (shield currently unavailable)
rNeg    . . .        c - +0 leather armour
rPois   +            s - +1 helmet "Bessibeoll" {SInv Stlth+}
rElec   .            b - +0 cloak
rCorr   .            (no gloves)
SInv    +            (no barding)
Will    .....        m - amulet of faith
Stlth   +++          (no ring)
HPRegen 0.31/turn    (no ring)
MPRegen 0.10/turn

%: faith
@: corroded, very slow
A: AC +2, large, see invisible, deformed body, poison resistance, slowness 2,
spit poison 1, naga tail 1
a: Spit Poison


You were on level 4 of the Dungeon.
You visited 1 branch of the dungeon, and saw 4 of its levels.

You collected 175 gold pieces.


Innate Abilities, Weirdness & Mutations

Your serpentine skin is tough. (AC +2)
You have supernaturally acute eyesight. (SInv)
Armour fits poorly on your strangely shaped body.
Your system is resistant to poisons. (rPois)
You cover ground very slowly.
You can spit poison.
You have a snake-like lower body.


   Skills:
 - Level 5.0 Fighting
 + Level 6.8 Ranged Weapons
 - Level 1.5 Dodging
 - Level 1.5 Stealth


You had 6 spell levels left.
You didn't know any spells.
Your spell library was empty.

Inventory:

Hand Weapons
 f - a +1 heavy shortbow (weapon)
Armour
 b - a +0 cloak (worn)
 c - a +0 leather armour (worn)
 s - the +1 helmet "Bessibeoll" (worn) {SInv Stlth+}
   (You found it on level 3 of the Dungeon)

   SInv:      It lets you see invisible.
   Stlth:     It makes you more stealthy.
Jewellery
 k - a ring of fire
 m - an amulet of faith (around neck)
Wands
 j - a wand of digging (5)
Scrolls
 l - a scroll of identify
Potions
 d - a potion of mutation {unknown}
 e - a potion of curing {unknown}
 g - a potion of haste
 i - a potion of degeneration {unknown}
 p - a potion of ambrosia {unknown}
 r - a potion of resistance {unknown}

Dungeon Overview and Level Annotations

Branches:
Dungeon (4/15)
 Temple: D:4-7

Altars:
Fedhas

Annotations:
D:4 Ijyb


Message History

You shoot an arrow. The arrow closely misses the phantom.
The hound bites you. The phantom hits you. Ijyb completely misses you.
The hound closely misses you.
You shoot an arrow.
The arrow hits the phantom but does no damage.
The phantom is heavily damaged.
The hound barely misses you. Ijyb barely misses you. The phantom misses you.
The hound bites you. Ijyb hits you with a +0 club! The phantom hits you!
The phantom blinks!
You blink.
Enter note: You are too injured to fight recklessly!
You shoot an arrow. The arrow hits the phantom!
You destroy the phantom!
You have got your breath back.
2707 ||| INVOKING Spit Poison.
Aiming: Spit Poison (1% risk of failure)
Press: ? - help, Shift-Dir - straight line, f - hound The splash of poison hits the hound but does no damage.
The hound looks even sicker.
The hound is moderately wounded.
The hound misses you. The hound bites you.
You are too injured to fight recklessly!
You shoot an arrow. The arrow hits the hound!
The hound is almost dead.
The hound completely misses you. The hound barely misses you.
You are too injured to fight recklessly!
You shoot an arrow.
The arrow hits the hound but does no damage.
The hound is almost dead.
You kill the hound!
Ijyb barely misses you. x2
You are too injured to fight recklessly!
You shoot an arrow. The arrow completely misses Ijyb.
Ijyb barely misses you.
You are too injured to fight recklessly!
You shoot an arrow. The arrow hits Ijyb.
Ijyb is lightly wounded.
You have got your breath back.
Ijyb zaps a wand.
The bolt of acid hits you!!
You die...

# # #..... # #..... #
#.....######
#####.....#....#######
.....................#
.######.........@....#
.# #........g.....#
.######...........####
...............#...
####...........#....
...............#####.
##.............# ..
##..........!..# #.
####............


You could see Ijyb.

Vanquished Creatures
  Grinder (D:3)
  Sigmund (D:3)
  A phantom (D:4)
  A hound (D:4)
  An iguana (D:4)
  Robin (D:3)
  4 gnolls (D:2)
  3 adders
  2 worms
  4 ball pythons
  7 bats
  7 endoplasms
  3 giant cockroaches
  16 goblins
  9 hobgoblins
  2 jackals (D:3)
  2 quokkas
  3 frilled lizards
  6 kobolds
  5 rats
79 creatures vanquished.

Notes
Turn   | Place    | Note
-------+----------+-------------------------------------------
     0 | D:1      | qw the Naga Hunter began the quest for the Orb.
     0 | D:1      | Reached XP level 1. HP: 19/19 MP: 1/1
     0 | D:1      | 0 ||| qw: Version: 0.2-a-123-gb51047a
     0 | D:1      | 0 ||| qw: Game counter: 3682
     0 | D:1      | 0 ||| qw: Always use a shield: true
     0 | D:1      | 0 ||| qw: God list: Okawaru
     0 | D:1      | 0 ||| qw: Allow faded altars: false
     0 | D:1      | 0 ||| qw: Do Orc after D:15 true
     0 | D:1      | 0 ||| qw: Do second Lair branch before Depths: true
     0 | D:1      | 0 ||| qw: Lair rune preference: random
     0 | D:1      | 0 ||| qw: Plans: Normal
     0 | D:1      | 0 ||| PLANNING D:1-11
    18 | D:1      | 18 ||| INVOKING Spit Poison.
    44 | D:1      | Found a faded altar of an unknown god.
   118 | D:1      | 118 ||| INVOKING Spit Poison.
   137 | D:1      | 137 ||| INVOKING Spit Poison.
   170 | D:1      | 170 ||| INVOKING Spit Poison.
   171 | D:1      | Reached skill level 4 in Ranged Weapons
   171 | D:1      | Reached XP level 2. HP: 26/26 MP: 2/2
   179 | D:1      | 179 ||| INVOKING Spit Poison.
   183 | D:1      | 183 ||| INVOKING Spit Poison.
   228 | D:1      | 228 ||| INVOKING Spit Poison.
   242 | D:1      | 242 ||| INVOKING Spit Poison.
   250 | D:1      | 250 ||| INVOKING Spit Poison.
   264 | D:1      | 264 ||| INVOKING Spit Poison.
   272 | D:1      | 272 ||| INVOKING Spit Poison.
   310 | D:1      | 310 ||| INVOKING Spit Poison.
   360 | D:1      | 360 ||| INVOKING Spit Poison.
   374 | D:1      | 374 ||| INVOKING Spit Poison.
   492 | D:1      | 492 ||| READING scroll labelled FABITR UR GED.
   493 | D:1      | 493 ||| READING scroll labelled NIYSONG CE JYMA.
   494 | D:1      | 494 ||| READING scroll labelled WUHAERAAXIT.
   495 | D:1      | 495 ||| READING scroll labelled NAH MISUDDADAI.
   496 | D:1      | 496 ||| READING 2 scrolls labelled AFYDUCH EPIYRPH.
   497 | D:1      | 497 ||| READING scroll labelled IGAEXIGAS JAH.
   500 | D:1      | 500 ||| READING scroll labelled ORARCHU EQEU.
   501 | D:1      | 501 ||| DRINKING 2 bubbling puce potions.
   502 | D:1      | 502 ||| DROPPING scroll of butterflies.
   509 | D:2      | 509 ||| INVOKING Spit Poison.
   591 | D:2      | 591 ||| INVOKING Spit Poison.
   592 | D:2      | Reached XP level 3. HP: 32/32 MP: 3/3
   596 | D:2      | 596 ||| INVOKING Spit Poison.
   600 | D:2      | Reached skill level 5 in Ranged Weapons
   600 | D:2      | Reached XP level 4. HP: 30/39 MP: 4/4
   677 | D:2      | 677 ||| INVOKING Spit Poison.
   682 | D:2      | 682 ||| INVOKING Spit Poison.
   704 | D:2      | 704 ||| INVOKING Spit Poison.
   743 | D:2      | 743 ||| INVOKING Spit Poison.
  1031 | D:2      | 1031 ||| INVOKING Spit Poison.
  1279 | D:2      | 1279 ||| INVOKING Spit Poison.
  1283 | D:2      | 1283 ||| INVOKING Spit Poison.
  1306 | D:2      | 1306 ||| INVOKING Spit Poison.
  1337 | D:2      | 1337 ||| UPGRADING to +0 cloak.
  1342 | D:2      | 1342 ||| DROPPING scarf of harm.
  1343 | D:2      | 1343 ||| DROPPING amulet of magic regeneration.
  1344 | D:2      | 1344 ||| READING scroll labelled YCHECZ AZASI.
  1345 | D:2      | 1345 ||| READING scroll labelled OXOSACLOSAM.
  1346 | D:2      | 1346 ||| DRINKING 2 brown potions.
  1381 | D:2      | 1381 ||| DROPPING potion of lignification.
  1434 | D:3      | Noticed Grinder
  1442 | D:3      | Paralysed by Grinder for 2 turns
  1447 | D:3      | HP: 10/40 [Grinder/nerve-wracking pain (2)]
  1449 | D:3      | Killed Grinder
  1450 | D:3      | Reached XP level 5. HP: 11/52 MP: 5/5
  1450 | D:3      | Reached XP level 6. HP: 13/61 MP: 6/6
  1643 | D:3      | 1643 ||| INVOKING Spit Poison.
  1672 | D:3      | 1672 ||| INVOKING Spit Poison.
  1676 | D:3      | 1676 ||| INVOKING Spit Poison.
  1680 | D:3      | 1680 ||| INVOKING Spit Poison.
  1684 | D:3      | 1684 ||| INVOKING Spit Poison.
  1687 | D:3      | 1687 ||| INVOKING Spit Poison.
  1776 | D:3      | 1776 ||| INVOKING Spit Poison.
  1789 | D:3      | Noticed Robin
  1790 | D:3      | 1790 ||| INVOKING Spit Poison.
  1791 | D:3      | Killed Robin
  1928 | D:3      | 1928 ||| INVOKING Spit Poison.
  1931 | D:3      | Noticed Sigmund
  1933 | D:3      | 1933 ||| INVOKING Spit Poison.
  1935 | D:3      | Killed Sigmund
  1936 | D:3      | Reached skill level 6 in Ranged Weapons
  1936 | D:3      | Reached XP level 7. HP: 53/67 MP: 7/7
  2022 | D:3      | 2022 ||| INVOKING Spit Poison.
  2033 | D:3      | 2033 ||| INVOKING Spit Poison.
  2111 | D:3      | 2111 ||| INVOKING Spit Poison.
  2116 | D:3      | 2116 ||| INVOKING Spit Poison.
  2122 | D:3      | 2122 ||| INVOKING Spit Poison.
  2152 | D:3      | 2152 ||| INVOKING Spit Poison.
  2202 | D:3      | 2202 ||| INVOKING Spit Poison.
  2235 | D:3      | Identified the +1 helmet "Bessibeoll" {SInv Stlth+}
  2323 | D:3      | 2323 ||| INVOKING Spit Poison.
  2364 | D:3      | 2364 ||| UPGRADING to +0 helmet.
  2369 | D:3      | 2369 ||| UPGRADING to +1 helmet "Bessibeoll" {SInv Stlth+}.
  2379 | D:3      | 2379 ||| DROPPING +0 helmet.
  2380 | D:3      | 2380 ||| UPGRADING to amulet of faith.
  2385 | D:3      | 2385 ||| READING 2 scrolls labelled LUENGI ZYRAIBE.
  2386 | D:3      | 2386 ||| READING scroll labelled FOWNASIRGHI.
  2387 | D:3      | 2387 ||| DRINKING 2 white potions.
  2388 | D:3      | 2388 ||| READING 2 scrolls of identify.
  2388 | D:3      | 2388 ||| IDENTIFYING lumpy silvery potion
  2389 | D:3      | 2389 ||| DROPPING potion of berserk rage.
  2390 | D:3      | 2390 ||| DROPPING potion of attraction.
  2391 | D:3      | 2391 ||| DROPPING scroll of noise.
  2466 | D:4      | 2466 ||| INVOKING Spit Poison.
  2474 | D:4      | 2474 ||| INVOKING Spit Poison.
  2477 | D:4      | 2477 ||| INVOKING Spit Poison.
  2498 | D:4      | 2498 ||| INVOKING Spit Poison.
  2502 | D:4      | 2502 ||| INVOKING Spit Poison.
  2506 | D:4      | 2506 ||| INVOKING Spit Poison.
  2578 | D:4      | Found a blossoming altar of Fedhas.
  2700 | D:4      | Noticed Ijyb
  2703 | D:4      | 2703 ||| INVOKING Spit Poison.
  2707 | D:4      | 2707 ||| INVOKING Spit Poison.
  2707 | D:4      | HP: 16/67 [hound (6)]
  2711 | D:4      | Killed from afar by Ijyb

Levels and vault maps discovered:
D:1:      eino_arrival_tree_alley, layout_rooms,
          shapermc_ecumenical_altar_pompeii, hangedman_decor_push
D:2:      layout_basic, minivault_11
D:3:      layout_loops_cross, patterned_corridor, uniq_grinder, uniq_robin,
          uniq_sigmund
D:4:      layout_basic, kennysheep_mini_moat, uniq_ijyb

Skill      XL: |  1  2  3  4  5  6 |
---------------+-------------------+-----
Ranged Weapons | 4 5 6 |  6.8
Fighting       | 5 |  5.0
Dodging        | |  1.5
Stealth        | |  1.5

Action                     |  1- 3 |  4- 6 |  7- 9 || total
---------------------------+-------+-------+-------++-------
   Fire: Shortbow          |    37 |    43 |    42 ||   122
Ability: Spit Poison       |    17 |    18 |    16 ||    51
    Use: Scroll            |     7 |     2 |     3 ||    12
         Potion            |     1 |     1 |     1 ||     3
 Armour: Leather armour    |     1 |    12 |    10 ||    23
  Dodge: Dodged            |     2 |    24 |    21 ||    47

Table legend:
 A = Non-vault XP
 B = Vault XP
 C = Vault XP percentage of total XP
 D = Non-vault monster count
 E = Vault monster count
 F = Vault count percentage of total count
                 A         B        C        D         E       F
            +---------+---------+-------+---------+---------+-------
      Total |     368 |     524 |  58.7 |      64 |      15 |  19.0
            +---------+---------+-------+---------+---------+-------
        D:1 |      31 |       0 |   0.0 |      20 |       0 |   0.0
        D:2 |      77 |       0 |   0.0 |      16 |       0 |   0.0
        D:3 |      58 |     524 |  90.0 |      18 |      15 |  45.5
        D:4 |     202 |       0 |   0.0 |      10 |       0 |   0.0
            +---------+---------+-------+---------+---------+-------
